 Dungeon Crawl Stone Soup version 0.31-a0-263-ge8cad7f256 (webtiles) character file.

Game seed: 8779513080387870037

67 Iniera the Slasher (level 3, -1/29 HPs)
             Began as a Vampire Monk on July 14, 2023.
             Succumbed to Sigmund's poison
             ... on level 3 of the Dungeon.
             The game lasted 00:02:02 (1928 turns).

Iniera the Slasher (Vampire Monk)                   Turns: 1928, Time: 00:02:02

Health: -1/29      AC:  2    Str: 10    XL:     3   Next: 98%
Magic:  3/3        EV: 14    Int: 12    God:
Gold:   92         SH:  0    Dex: 18    Spells: 2/2 levels left

rFire   . . .        a - +0 falchion
rCold   . . .        d - orb {light}
rNeg    . . .        b - +0 robe
rPois   .            (no helmet)
rElec   .            (no cloak)
rCorr   .            (no gloves)
SInv    +            (no boots)
Will    .....        (no amulet)
Stlth   +            (no ring)
HPRegen 0.44/turn    (no ring)
MPRegen 0.08/turn

%: no passive effects
@: lethally poisoned (-1 -> -13), healing quickly, hasted, glowing, very quick
A: alive, fangs 3, see invisible, vampiric 2
a: Exsanguinate


You were on level 3 of the Dungeon.
You visited 1 branch of the dungeon, and saw 3 of its levels.

You collected 92 gold pieces.

Inventory:

Hand Weapons
 a - a +0 falchion (weapon)
Missiles
 e - 2 poisoned darts (quivered)
Armour
 b - a +0 robe (worn)
 d - an orb of light (worn)
Jewellery
 l - a ring of wizardry
Potions
 c - a potion of ambrosia
 h - a potion of brilliance
 j - a potion of haste
 k - a potion of degeneration {unknown}


   Skills:
 + Level 3.1 Fighting
 * Level 4.1 Long Blades
 + Level 3.9 Dodging


You had 2 spell levels left.
You didn't know any spells.
Your spell library was empty.

Dungeon Overview and Level Annotations

Branches:
Dungeon (3/15)

Altars:


Innate Abilities, Weirdness & Mutations

Your natural rate of healing is accelerated.
You have razor-sharp teeth.
You have supernaturally acute eyesight. (SInv)
You are afflicted with vampirism and can become a bat while bloodless.


Message History

Sigmund and a rat come into view.
Sigmund is wielding a +1 scythe of venom.
Found a beast talisman and a scroll labelled POPOOSEPAPH.
Sigmund shouts!
You hear an angry hiss.
There are monsters nearby!
An endoplasm comes into view.
The endoplasm quivers.
Sigmund is suddenly surrounded by pale blue light.
Sigmund hits you with a +1 scythe of venom.
You are poisoned.
You feel yourself speed up.
You feel very sick.
A ball python comes into view.
You hit Sigmund but do no damage.
You feel sick.
Sigmund hits you with a +1 scythe of venom.
You are lethally poisoned!
You hit Sigmund.
Sigmund is lightly wounded.
You feel very sick.
You hit Sigmund.
Sigmund is heavily wounded.
You feel very sick. Sigmund barely misses you.
You feel better.
You slash Sigmund!
Sigmund is severely wounded.
Sigmund hits you with a +1 scythe of venom!
* * * LOW HITPOINT WARNING * * *
You are lethally poisoned!
You barely miss Sigmund.
Sigmund is severely wounded.
* * * LOW HITPOINT WARNING * * *
You feel very sick. The ball python bites you.
* * * LOW HITPOINT WARNING * * *
The ball python misses you. The rat closely misses you.
The endoplasm hits you but does no damage.
You slash Sigmund!
You kill Sigmund!
You die...

... . ## ## .. #.##### .....
..#?. #..# #.#...@ ◑..#.
#.#.###..## #.#.###
.....##.#......##.#.#.#
........#........)#.#.###
........................
.......SJ..........#####
#.r@)...............
#..###########.##### #..#
#.# #..####### #.#
#......... ..#
#########.######## ####
#...............#####.#
#.#######.#.#.........######
..>.......................


You could see an endoplasm, a ball python and a rat.

Vanquished Creatures
  Sigmund (D:3)
  An adder (D:2)
  A dart slug (D:2)
  3 ball pythons (D:1)
  2 bats (D:2)
  6 endoplasms
  2 giant cockroaches
  5 goblins
  9 hobgoblins
  3 jackals (D:2)
  5 kobolds
  2 quokkas (D:1)
  10 rats
50 creatures vanquished.

Notes
Turn   | Place    | Note
-------+----------+-------------------------------------------
     0 | D:1      | Iniera the Vampire Monk began the quest for the Orb.
     0 | D:1      | Reached XP level 1. HP: 17/17 MP: 1/1
    75 | D:2      | Reached XP level 2. HP: 19/23 MP: 2/2
   402 | D:2      | Gained mutation: You are afflicted with vampirism and can
                  | become a bat while bloodless. [Vampire growth]
   402 | D:2      | Reached XP level 3. HP: 23/29 MP: 3/3
   658 | D:3      | Noticed Sigmund
  1145 | D:1      | Reached skill level 4 in Long Blades
  1928 | D:3      | Killed Sigmund
  1928 | D:3      | Succumbed to Sigmund's poison

Illustrated notes

Levels and vault maps discovered:
D:1:      co_arrival_square_in_a_square_in_a_square, layout_basic
D:2:      layout_loops_corners
D:3:      layout_basic, uniq_sigmund

Skill      XL: |  1  2  3 |
---------------+----------+-----
Fighting       | 3 |  3.1
Long Blades    | 4 |  4.1
Dodging        | |  3.9

Action                     || total
---------------------------++-------
  Melee: Falchion          ||   103
         Bite              ||    13
  Throw: Dart              ||    26
    Use: Scroll            ||     5
         Potion            ||     2
 Armour: Robe              ||     9
  Dodge: Dodged            ||    80

Table legend: (Time is in decaauts)
 A = Elapsed time spent in this place.
 B = Non-inter-level travel time spent in this place.
 C = Inter-level travel time spent in this place.
 D = Time resting spent in this place.
 E = Time spent auto-exploring this place.
 F = Levels seen in this place.
 G = Mean time per level.
                   A        B        C        D        E       F      G
               +--------+--------+--------+--------+--------+-----+--------+
         Total |   1939 |   1839 |    100 |     49 |   1481 |   3 |  646.3 |
       Dungeon |   1939 |   1839 |    100 |     49 |   1481 |   3 |  646.3 |
               +--------+--------+--------+--------+--------+-----+--------+

Top non-repeatable levels by time:
     D:2: 980 daAuts
     D:1: 820 daAuts
     D:3: 138 daAuts
